 Dungeon Crawl Stone Soup version 0.30-b1-2-g02819fbbbe (webtiles) character file.

Game seed: 4962106509566669571

76 ChickenMitten the Shooter (level 4, -3/34 HPs)
             Began as a Formicid Hunter on Nov 12, 2023.
             Slain by a water moccasin (4 damage)
             ... on level 3 of the Dungeon.
             The game lasted 00:10:41 (2700 turns).

ChickenMitten the Shooter (Formicid Hunter)         Turns: 2700, Time: 00:10:42

Health: -3/34      AC:  3    Str: 21 (23) XL:     4   Next: 57%
Magic:  4/4        EV: 12    Int:  6 (9)  God:
Gold:   81         SH:  0    Dex: 15 (17) Spells: 3/3 levels left

rFire   . . .        a - +0 shortbow
rCold   . . .        (no shield)
rNeg    . . .        c - +0 leather armour
rPois   .            (helmet unavailable)
rElec   .            (no cloak)
rCorr   .            (no gloves)
SInv    +            (no boots)
Will    .....        (no amulet)
Stlth   ++           s - +6 ring of strength
HPRegen 0.25/turn    (no ring)
MPRegen 0.09/turn

%: no passive effects
@: mighty, lethally poisoned (-3 -> -8)
A: permanent stasis, dig shafts and tunnels, antennae 3, four strong arms
a: Dig, Shaft Self


You were on level 3 of the Dungeon.
You visited 1 branch of the dungeon, and saw 3 of its levels.

You collected 81 gold pieces.

Inventory:

Hand Weapons
 a - a +0 shortbow (weapon)
 e - a +0 dagger
 h - a +0 short sword
 i - a +0 great sword
 p - a +0 sling
 x - a +0 long sword
Missiles
 t - 3 boomerangs
 y - 4 atropa-tipped darts
Armour
 c - a +0 leather armour (worn)
Jewellery
 s - a +6 ring of strength (left hand)
Scrolls
 b - 2 scrolls of immolation
 d - a scroll of poison {unknown}
 f - a scroll of fear {unknown}
 g - 3 scrolls of teleportation
 k - 2 scrolls of summoning {unknown}
 n - 2 scrolls of blinking {unknown}
 o - a scroll of noise
 u - a scroll of silence
 v - a scroll of enchant weapon {unknown}
 w - a scroll of amnesia {unknown}
 z - a scroll of identify
Potions
 l - a potion of cancellation
 m - a potion of might


   Skills:
 * Level 2.8 Fighting
 * Level 4.8 Ranged Weapons
 * Level 2.3 Armour
 - Level 1.7 Dodging
 - Level 1.2 Stealth


You had 3 spell levels left.
You didn't know any spells.
Your spell library contained the following spells:

 Spells                   Type           Power      Damage    Failure   Level
 Sublimation of Blood     Necr           0%         N/A       65%         2
 Wereblood                Tmut           0%         N/A       65%         2
 Summon Hydra             Summ           0%         N/A       100%        7


Dungeon Overview and Level Annotations

Branches:
Dungeon (3/15)

Altars:


Innate Abilities, Weirdness & Mutations

You cannot be hasted, slowed, berserked, paralysed or teleported.
You can dig through walls and to a lower floor.
You have a pair of large antennae on your head. (SInv)
Your four strong arms can wield two-handed weapons with a shield.


Message History

You feel very sick. The water moccasin bites you.
a - a +0 shortbow (weapon)
You feel sick. The water moccasin closely misses you.
You shoot an arrow.
The arrow hits the water moccasin but does no damage.
The water moccasin is moderately wounded.
You feel sick. The water moccasin bites you.
You are more poisoned.
The water moccasin poisons you!
The water moccasin completely misses you.
You are too injured to fight recklessly!
You are too injured to fight recklessly!
You are too injured to fight recklessly!
You are too injured to fight recklessly!
You are too injured to fight recklessly!
Fire: a) +0 shortbow
Press: ? - help, Q - select action, (/) - cycle Shift-Dir - straight line, f/p - water moccasin
Aim: a water moccasin (moderately wounded, 44% to hit)
You shoot an arrow. The arrow hits the water moccasin.
The water moccasin is heavily wounded.
You feel very sick. The water moccasin bites you.
* * * LOW HITPOINT WARNING * * *
The water moccasin barely misses you.
Fire: a) +0 shortbow
Press: ? - help, Q - select action, (/) - cycle Shift-Dir - straight line, f/p - water moccasin
Aim: a water moccasin (heavily wounded, 44% to hit)
You shoot an arrow.
The arrow closely misses the water moccasin.
* * * LOW HITPOINT WARNING * * *
You feel very sick. The water moccasin misses you.
Fire: a) +0 shortbow
Press: ? - help, Q - select action, (/) - cycle Shift-Dir - straight line, f/p - water moccasin
Aim: a water moccasin (heavily wounded, 44% to hit)
You shoot an arrow. The arrow misses the water moccasin.
* * * LOW HITPOINT WARNING * * *
You feel sick. The water moccasin bites you.
You die...

......##..# ###....#
....#.......# #......#
....#.#.###.####.(.....
.......###......#.....
#......##......#####.
#......#...##### ##
#......#.>## #
#..S......##
#...@...#..#
#?......#####.######
.....#### #.......#
..## #.......##### .
#.......#....
#.......#....
#.......#...)
#.......#.>..
#.......#....


You could see a water moccasin.

Vanquished Creatures
  2 adders (D:2)
  A worm (D:2)
  A dart slug (D:1)
  An orc (D:3)
  4 bats
  2 endoplasms
  2 giant cockroaches (D:2)
  2 goblins (D:2)
  4 hobgoblins
  4 jackals (D:1)
  4 kobolds
  4 quokkas
  6 ball pythons
  3 frilled lizards
  10 rats
50 creatures vanquished.

Notes
Turn   | Place    | Note
-------+----------+-------------------------------------------
     0 | D:1      | ChickenMitten the Formicid Hunter began the quest for the
                  | Orb.
     0 | D:1      | Reached XP level 1. HP: 16/16 MP: 1/1
   423 | D:1      | Reached XP level 2. HP: 15/23 MP: 2/2
   781 | D:1      | Reached XP level 3. HP: 11/28 MP: 3/3
  1016 | D:1      | Reached skill level 1 in Armour
  1172 | D:1      | Found a faded altar of an unknown god.
  1949 | D:2      | Reached XP level 4. HP: 31/34 MP: 4/4
  1996 | D:2      | You fall into a shaft and drop 1 floor!
  2507 | D:3      | Noticed an ice beast
  2675 | D:3      | Noticed a water moccasin
  2690 | D:3      | HP: 1/34 [water moccasin (7)]
  2700 | D:3      | HP: 1/34 [poisoned by a water moccasin]
  2700 | D:3      | Slain by a water moccasin

Illustrated notes

Levels and vault maps discovered:
D:1:      dpeg_arrival_solitude, layout_loops_cross,
          hellmonk_ecumenical_altar_heavens_door, hex_medium
D:2:      layout_basic
D:3:      layout_rooms, minivault_23

Skill      XL: |  1  2  3  4 |
---------------+-------------+-----
Armour         | 1 2 |  2.3
Fighting       | |  2.8
Ranged Weapons | |  4.8
Dodging        | |  1.7
Stealth        | |  1.2

Action                     |  1- 3 |  4- 6 || total
---------------------------+-------+-------++-------
  Melee: Dagger            |   116 |       ||   116
         Punch             |     4 |       ||     4
         Short sword       |    79 |    29 ||   108
         Great sword       |       |     7 ||     7
         Long sword        |       |     2 ||     2
   Fire: Shortbow          |     4 |    27 ||    31
         Sling             |     2 |       ||     2
    Use: Potion            |       |     5 ||     5
         Scroll            |       |     3 ||     3
   Stab: Sleeping          |     4 |     1 ||     5
 Armour: Leather armour    |    48 |     7 ||    55
  Dodge: Dodged            |   138 |    35 ||   173
